[Event "Team 45 45 League T37"]
[Site "Internet Chess Club"]
[Date "2008.06.21"]
[Round "9"]
[White "DrOMM"]
[Black "tmac63"]
[Result "1-0"]
[WhiteElo "1207"]
[BlackElo "1021"]
[Opening "Sicilian"]
[ECO "B50"]
[Time "19:06:21"]
[TimeControl "2700+45"]

1. e4 c5 2. Nf3 d6 3. c3 e6 4. d4 cxd4 5. cxd4 Nc6 6. Bb5 a6 7. Ba4 b5 8. Bb3
Nf6 9. Bg5 Be7 10. Nbd2 O-O 11. Qc2 Bb7 12. a3 Rc8 13. Qd3 h6 14. Bh4 e5 15. d5
Na5 16. O-O Ng4 17. Bxe7 Qxe7 18. h3 h5 19. hxg4 hxg4 20. Nh2 Qh4 21. Qg3 g5 22.
Qxh4 gxh4 23. Nxg4 Kg7 24. f3 Rh8 25. Kf2 Rh5 26. Rac1 Rch8 27. Rc7 h3 28. gxh3
Rxh3 29. Rg1 Bc8 30. Nxe5+ Kf6 31. Nxf7 Rh2+ 32. Ke3 R8h7 33. Rxc8 Rxf7 34. Re8
Nb7 35. e5+ dxe5 36. d6 Nxd6 37. Re6+ Kf5 38. Rxd6 Rf6 39. Rxf6+ Kxf6 40. Bd5
Rh4 41. b4 Rh7 42. Ne4+ Kf5 43. Rg5# {Black checkmated} 1-0

[Event "Team 45 45 League T37"]
[Site "Internet Chess Club"]
[Date "2008.06.24"]
[Round "9"]
[White "MeansToAnEnd"]
[Black "joaoazm"]
[Result "0-1"]
[WhiteElo "1105"]
[BlackElo "1224"]
[Opening "Four knights: Italian variation"]
[ECO "C47"]
[Time "20:08:15"]
[TimeControl "2700+45"]

1. e4 e5 2. Nf3 Nc6 3. Nc3 Nf6 4. Bc4 d6 5. d3 Be7 6. Ng5 Be6 7. Nxe6 fxe6 8.
Bxe6 Nd4 9. Bh3 O-O 10. Bg5 h6 11. Bxf6 Bxf6 12. O-O c6 13. Ne2 c5 14. Nxd4 cxd4
15. Bf5 d5 16. Be6+ Kh8 17. Bxd5 Rb8 18. Qg4 Bg5 19. h4 Bxh4 20. Be6 Qg5 21.
Qxg5 Bxg5 22. g3 Rf6 23. Bf5 h5 24. Kg2 g6 25. Bh3 Kg7 26. Rab1 Rh8 27. c3 dxc3
28. bxc3 h4 29. Rxb7+ Kh6 30. Rfb1 hxg3 31. fxg3 Be3 32. Re1 Rf2+ 33. Kh1 Bb6
34. Re7 Rxa2 35. Rxe5 Rf8 36. Rf1 Rxf1+ 37. Bxf1 Rf2 38. Kg1 Rf5+ 39. d4 Rxe5
40. Bd3 Ra5 41. Kg2 Ra3 42. e5 Rxc3 43. Ba6 Bxd4 44. e6 Rc7 45. Kf3 Bf6 46. Ke4
Rc6 47. Bb7 Rxe6+ 48. Kd5 Re5+ 49. Kd6 Kg5 50. Bc8 a5 51. Bd7 Re4 52. Kd5 Re3
53. g4 Rd3+ 54. Ke6 Rxd7 55. Kxd7 a4 56. Ke6 a3 57. Kf7 a2 58. Kg8 a1=Q 59. Kh7
Qh1+ 60. Kg8 Qh8+ 61. Kf7 Qg7+ 62. Ke6 Qe7+ 63. Kd5 Qe5+ 64. Kc4 Kf4 65. g5 Qd4+
66. Kb5 Be7 67. Kc6 Qc5+ 68. Kd7 Qd6+ 69. Ke8 Qd8+ 70. Kf7 Bxg5 71. Kxg6 Qf6+
72. Kh7 Qh6+ 73. Kg8 Kf5 74. Kf7 Qf6+ 75. Kg8 Bc1 76. Kh7 Bb2 77. Kg8 Qg7#
{White checkmated} 0-1

[Event "Team 45 45 League T37"]
[Site "Internet Chess Club"]
[Date "2008.06.23"]
[Round "9"]
[White "pestka"]
[Black "iwulu"]
[Result "0-1"]
[WhiteElo "2213"]
[BlackElo "2370"]
[Opening "Polish defense"]
[ECO "A40"]
[Time "23:15:51"]
[TimeControl "2700+45"]

1. d4 b5 2. e4 Bb7 3. Bd3 Nf6 4. f3 a6 5. Be3 e6 6. Ne2 c5 7. c3 Qb6 8. Nd2 Nc6
9. O-O Be7 10. Kh1 O-O 11. Bg1 d5 12. Rc1 Rac8 13. Nf4 cxd4 14. exd5 exd5 15.
Ne2 Qa5 16. Nxd4 Qxa2 17. Nxc6 Rxc6 18. b4 Nh5 19. f4 Rh6 20. Qe1 Qxd2 {White
resigns} 0-1

[Event "Team 45 45 League T37"]
[Site "Internet Chess Club"]
[Date "2008.06.21"]
[Round "9"]
[White "searchforbobby1"]
[Black "killer21"]
[Result "0-1"]
[WhiteElo "2060"]
[BlackElo "2253"]
[Opening "Sicilian: Alapin's variation (2.c3)"]
[ECO "B22"]
[Time "14:06:34"]
[TimeControl "2700+45"]

1. e4 c5 2. c3 d5 3. exd5 Qxd5 4. d4 Nf6 5. Nf3 Bg4 6. Be2 e6 7. h3 Bh5 8. O-O
Nc6 9. Be3 cxd4 10. Nxd4 Bxe2 11. Qxe2 Be7 12. Rd1 O-O 13. c4 Nxd4 14. Rxd4 Qc6
15. Nc3 Bc5 16. Rd3 Bxe3 17. Rxe3 Rad8 18. b3 Rd7 19. Rd1 Rfd8 20. Red3 a6 21.
Rxd7 Rxd7 22. Rxd7 Nxd7 23. Qd3 f5 24. Qd4 Kf7 25. b4 e5 26. Qd3 Ke6 27. c5 Nf6
28. Qc4+ Ke7 29. a4 Qd7 30. b5 Qd4 31. Qxd4 exd4 32. Ne2 axb5 33. axb5 d3 34.
Nd4 Ne4 35. Nxf5+ Kf6 36. Ne3 Nxc5 37. f4 Ne4 38. Kf1 Ke6 39. Ke1 Kd6 40. Nc4+
Kc5 41. Nd2 Kd4 42. Nxe4 Kxe4 43. Kd2 h5 44. f5 h4 45. b6 Kd4 46. Kd1 Ke3 47.
Ke1 d2+ 48. Kd1 Kd3 49. f6 gxf6 50. g4 hxg3 {White resigns} 0-1

[Event "Team 45 45 League T37"]
[Site "Internet Chess Club"]
[Date "2008.06.22"]
[Round "9"]
[White "gezira"]
[Black "spacecadet"]
[Result "1-0"]
[WhiteElo "2221"]
[BlackElo "2176"]
[Opening "Sicilian: dragon, Yugoslav attack, 7...O-O"]
[ECO "B76"]
[Time "16:00:06"]
[TimeControl "2700+45"]

1. e4 c5 2. Nf3 d6 3. d4 cxd4 4. Nxd4 Nf6 5. Nc3 g6 6. Be3 Bg7 7. f3 O-O 8. g4
Nc6 9. Qd2 Nd7 10. O-O-O Nde5 11. Be2 Nxd4 12. Bxd4 Be6 13. f4 Nc6 14. Bxg7 Kxg7
15. f5 Bd7 16. h4 h6 17. Rhf1 Qa5 18. g5 hxg5 19. Qxg5 Qe5 20. h5 Qf6 21. h6+
Kh7 22. Qxf6 exf6 23. Rxd6 Ne5 24. Nd5 Kxh6 25. Nxf6 Rfd8 26. Rfd1 {Black
resigns} 1-0

[Event "Team 45 45 League T37"]
[Site "Internet Chess Club"]
[Date "2008.06.22"]
[Round "9"]
[White "keisher415"]
[Black "andreip"]
[Result "1-0"]
[WhiteElo "2004"]
[BlackElo "2071"]
[Opening "Sicilian: dragon, Yugoslav attack, 9.Bc4"]
[ECO "B77"]
[Time "13:00:06"]
[TimeControl "2700+45"]

1. e4 c5 2. Nf3 d6 3. d4 cxd4 4. Nxd4 Nf6 5. Nc3 g6 6. Be3 Bg7 7. f3 O-O 8. Bc4
Nc6 9. Qd2 a6 10. O-O-O Nxd4 11. Bxd4 Be6 12. Bxe6 fxe6 13. Kb1 Qa5 14. Qe2 Nh5
15. Qc4 Kf7 16. Bxg7 Nxg7 17. f4 Rac8 18. Qd3 Qc5 19. g4 Kg8 20. Rhf1 Qc4 21.
Qe3 b5 22. Rc1 a5 23. Ne2 b4 24. c3 a4 25. cxb4 Qxb4 26. a3 Qb7 27. Qd3 Qb6 28.
Rxc8 Rxc8 29. Nc3 Qb3 30. Qc2 Ne8 31. f5 Qxc2+ 32. Kxc2 Nf6 33. fxe6 Nxe4 34.
Rf4 Nc5 35. Nd5 Nxe6+ 36. Kd2 Rb8 37. Nxe7+ Kg7 38. Rb4 Rxb4 39. axb4 Kf6 40.
Nc6 Nc7 41. Kd3 Ke6 42. Kc4 Nd5 43. Nd4+ Ke5 44. Nf3+ Ke6 45. Ng5+ Ke5 46. b5
Nb6+ 47. Kb4 h5 48. gxh5 gxh5 49. Nf3+ Ke4 50. Nd2+ Kd3 51. Nb1 Kd4 52. Nc3 Ke5
53. Nxa4 Nd7 54. b6 d5 55. Kb5 Kd6 56. b7 Kc7 57. Nc5 Nb8 58. Na6+ Kxb7 59. Nxb8
Kxb8 60. Kc5 {Black resigns} 1-0

[Event "Team 45 45 League T37"]
[Site "Internet Chess Club"]
[Date "2008.06.21"]
[Round "9"]
[White "ticopatzer"]
[Black "SoaringEagle"]
[Result "1-0"]
[WhiteElo "1388"]
[BlackElo "1492"]
[Opening "King's Indian: orthodox, Aronin-Taimanov, bayonet attack"]
[ECO "E97"]
[Time "16:58:56"]
[TimeControl "2700+45"]

1. d4 Nf6 2. c4 g6 3. Nc3 Bg7 4. e4 d6 5. Nf3 O-O 6. Be2 e5 7. O-O Nc6 8. d5 Ne7
9. b4 Nh5 10. c5 Nf4 11. Bxf4 exf4 12. Rc1 a6 13. Qd2 Bh6 14. cxd6 Qxd6 15. a3
Bg4 16. Rfd1 Bxf3 17. Bxf3 Qe5 18. Na4 b6 19. d6 cxd6 20. Nxb6 Ra7 21. Qxd6 Qxd6
22. Rxd6 Bg7 23. Nd7 Re8 24. Nf6+ Bxf6 25. Rxf6 Raa8 26. Rxf4 Rac8 27. Rxc8 Rxc8
28. g3 Rc1+ 29. Kg2 Ra1 30. Be2 Rxa3 31. Bc4 {Black resigns} 1-0

[Event "Team 45 45 League T37"]
[Site "Internet Chess Club"]
[Date "2008.06.24"]
[Round "9"]
[White "ollo"]
[Black "Glassywoman"]
[Result "1-0"]
[WhiteElo "1678"]
[BlackElo "1434"]
[Opening "Queen's pawn game"]
[ECO "D05"]
[Time "16:51:27"]
[TimeControl "2700+45"]

1. Nf3 d5 2. d4 e6 3. e3 Nf6 4. c4 Bb4+ 5. Nbd2 c6 6. b3 Ne4 7. Qc2 O-O 8. a3
Bc3 9. Rb1 b6 10. Ke2 Bxd2 11. Nxd2 Ba6 12. Nxe4 dxe4 13. Qxe4 Bb7 14. f3 Qc7
15. Kf2 c5 16. Qe5 Qd7 17. dxc5 Nc6 18. Qd6 Qxd6 19. cxd6 Rfd8 20. Be2 Rxd6 21.
Bb2 Ne7 22. Rhd1 Rad8 23. Rxd6 Rxd6 24. b4 h6 25. Bd4 Nf5 26. Be5 Rd2 27. Rb2
Rxb2 28. Bxb2 a6 29. e4 Ne7 30. Bd4 Nc8 31. c5 bxc5 32. Bxc5 f6 33. a4 Kf7 34.
b5 axb5 35. Bxb5 e5 36. a5 Ne7 37. a6 Ba8 38. Bc4+ Ke8 39. Bxe7 Kxe7 40. Bd5
{Black resigns} 1-0

[Event "Team 45 45 League T37"]
[Site "Internet Chess Club"]
[Date "2008.06.19"]
[Round "9"]
[White "Kalar-Yadwa"]
[Black "cysk"]
[Result "0-1"]
[WhiteElo "1322"]
[BlackElo "1470"]
[Opening "QGD: exchange, positional line, 5...c6"]
[ECO "D35"]
[Time "16:07:19"]
[TimeControl "2700+45"]

1. d4 d5 2. c4 e6 3. Nc3 Nf6 4. cxd5 exd5 5. Bg5 c6 6. e3 Be7 7. Bd3 Nbd7 8.
Nge2 Nh5 9. Bxe7 Qxe7 10. g4 Nhf6 11. Ng3 g6 12. h3 c5 13. dxc5 d4 14. Nce4 Nxe4
15. Nxe4 dxe3 16. f3 O-O 17. Qc2 Ne5 18. Be2 Nc6 19. O-O-O Be6 20. Bc4 Ne5 21.
Bxe6 Qxe6 22. f4 Nd7 23. Kb1 Rac8 24. Rxd7 f5 25. Rd6 Qxe4 26. Qxe4 fxe4 27. b4
Rxf4 28. Re6 e2 29. Re1 Rf1 30. Rxf1 exf1=Q+ 31. Kb2 Qf2+ 32. Kb3 Qf7 {White
resigns} 0-1

[Event "Team 45 45 League T37"]
[Site "Internet Chess Club"]
[Date "2008.06.24"]
[Round "9"]
[White "MrSlippery"]
[Black "albacore"]
[Result "0-1"]
[WhiteElo "1276"]
[BlackElo "1413"]
[Opening "Caro-Kann: advance variation"]
[ECO "B12"]
[Time "19:04:27"]
[TimeControl "2700+45"]

1. e4 c6 2. d4 d5 3. e5 Bf5 4. Bd3 Bxd3 5. Qxd3 e6 6. f4 c5 7. Be3 c4 8. Qf1
Bb4+ 9. c3 Ba5 10. f5 exf5 11. Qxf5 Ne7 12. Qg4 Ng6 13. b3 Qh4+ 14. Qg3 b5 15.
Ne2 O-O 16. O-O Nd7 17. Qf3 Rae8 18. Qxd5 Qh5 19. Ng3 Qg4 20. Qxb5 Bb6 21. Qxc4
Ndxe5 22. Nf5 Nxc4 23. Bh6 Re2 24. g3 Qe4 {White resigns} 0-1

[Event "Team 45 45 League T37"]
[Site "Internet Chess Club"]
[Date "2008.06.22"]
[Round "9"]
[White "Emrebey"]
[Black "RingLord"]
[Result "0-1"]
[WhiteElo "1653"]
[BlackElo "1593"]
[Opening "English: symmetrical variation"]
[ECO "A37"]
[Time "13:04:24"]
[TimeControl "2700+45"]

1. Nf3 c5 2. c4 Nc6 3. Nc3 g6 4. g3 Bg7 5. Bg2 d6 6. O-O Nf6 7. e3 e5 8. d4 exd4
9. exd4 cxd4 10. Re1+ Be6 11. Nxd4 Nxd4 12. Qxd4 O-O 13. Bf4 Nd5 14. Qd2 Nxf4
15. Qxf4 Qb6 16. Nb5 Be5 17. Qe4 a6 18. Qxb7 Qxb7 19. Bxb7 axb5 20. Bxa8 Rxa8
21. cxb5 Bxb2 22. Rad1 Ba3 23. Re3 Bc5 24. Red3 Bc4 25. b6 Bxd3 26. Rxd3 Rb8 27.
Kf1 Rxb6 28. Ke2 Rb2+ 29. Rd2 Rxd2+ 30. Kxd2 Kg7 31. f3 Kf6 32. Kd3 Ke5 33. a4
Kd5 34. g4 Bb4 35. h4 f6 36. h5 Ke5 37. hxg6 hxg6 38. Kc4 Bc5 39. a5 Kf4 40. Kd5
Kxf3 41. Ke6 Kxg4 42. Kxf6 g5 43. a6 Kh4 44. a7 Bxa7 45. Ke6 g4 46. Kxd6 g3 47.
Kc7 g2 48. Kb7 g1=Q 49. Ka6 Qb6# {White checkmated} 0-1

[Event "Team 45 45 League T37"]
[Site "Internet Chess Club"]
[Date "2008.06.23"]
[Round "9"]
[White "civilization"]
[Black "Tomate"]
[Result "1-0"]
[WhiteElo "1580"]
[BlackElo "1423"]
[Opening "Scotch gambit: Dubois-Réti defense"]
[ECO "C55"]
[Time "19:40:31"]
[TimeControl "2700+45"]

1. e4 e5 2. Nf3 Nc6 3. Bc4 Nf6 4. d4 exd4 5. e5 Ng4 6. O-O Ngxe5 7. Nxe5 Nxe5 8.
Re1 Be7 9. Rxe5 O-O 10. Qe1 Bf6 11. Re2 d6 12. Nd2 Bg4 13. f3 Bf5 14. Ne4 Bxe4
15. fxe4 c6 16. Bd3 Qc7 17. Bf4 Be5 18. Bg3 c5 19. b3 a6 20. a4 Rab8 21. Rd2 b5
22. axb5 axb5 23. Rdd1 c4 24. Be2 Rbd8 25. Rac1 Qc5 26. Kh1 f5 27. Bf3 f4 28.
Bf2 Rc8 29. c3 cxb3 30. cxd4 Qa3 31. dxe5 dxe5 32. Ra1 Qb2 33. Rdb1 Qc3 34. Qxc3
Rxc3 35. Ra3 Rc2 36. Bg1 b2 37. Rb3 Rb8 38. R3xb2 Rxb2 39. Rxb2 Kf7 40. h3 Ke6
41. Be2 {Black resigns} 1-0

[Event "Team 45 45 League T37"]
[Site "Internet Chess Club"]
[Date "2008.06.22"]
[Round "9"]
[White "PsyMar"]
[Black "Visin"]
[Result "0-1"]
[WhiteElo "1150"]
[BlackElo "1262"]
[Opening "Ruy Lopez: four knights (Tarrasch) variation"]
[ECO "C77"]
[Time "13:59:52"]
[TimeControl "2700+45"]

1. e4 e5 2. Nf3 Nc6 3. Bb5 a6 4. Ba4 Nf6 5. Nc3 b5 6. Bb3 Be7 7. O-O O-O 8. d4
exd4 9. Nxd4 Nxd4 10. Qxd4 c5 11. Qd3 c4 12. Bxc4 bxc4 13. Qxc4 d6 14. Bg5 Nd7
15. Bxe7 Qxe7 16. Rfe1 Ne5 17. Qd5 Bb7 18. Qb3 Rab8 19. Qa4 Rfc8 20. Rad1 Nc4
21. Rd4 Qc7 22. b3 Ne5 23. Nd5 Bxd5 24. exd5 Qxc2 25. h3 Qc5 26. Rde4 a5 27. a3
h6 28. b4 axb4 29. Rxb4 Qxd5 30. f4 Nd3 31. Rd4 Qb3 32. Qxb3 Rxb3 33. Re3 Rb1+
34. Kh2 Nb2 35. Rb3 Rd1 36. Rdb4 Nd3 37. Rd4 Nc5 38. Rxd1 Nxb3 39. Rxd6 Nc5 40.
Rd4 Ra8 41. Rc4 Ne6 42. f5 Ng5 43. h4 Nh7 44. a4 Nf6 45. g4 Nd5 46. Rc5 Ne3 47.
Kg3 Rxa4 48. g5 hxg5 49. hxg5 Kf8 50. f6 gxf6 51. gxf6 Ra8 52. Kf3 Nd1 53. Kf4
Ke8 54. Rd5 Ra4+ 55. Ke5 Ne3 56. Rc5 Kd7 57. Rd5+ Nxd5 58. Kxd5 Rf4 59. Ke5 Rf1
60. Kd5 Rxf6 61. Ke5 Rf1 62. Ke4 Ke6 63. Ke3 f6 64. Ke2 Ra1 65. Kf3 f5 66. Kg3
Ke5 67. Kf2 f4 68. Ke2 Ke4 69. Kf2 Ra2+ 70. Kf1 Ke3 71. Kg1 Kf3 72. Kh1 Kg3 73.
Kg1 Ra1# {White checkmated} 0-1